 Dungeon Crawl Stone Soup version 0.15.0-18-g9076a4f (webtiles) character file.

605846 Kashira the Peltast (level 26, -1/249 (254) HPs)
             Began as a Minotaur Berserker on Sept 6, 2014.
             Was the Champion of Jiyva.
             Slain by a spriggan defender
             ... wielding a +8 quick blade
             ... led by the Enchantress
              (20 damage)
             ... on Level 4 of the Depths on Sept 7, 2014.
             The game lasted 11:49:39 (75862 turns).

Kashira the Peltast (Minotaur Berserker)           Turns: 75862, Time: 11:49:40

HP  -1/249 (254) AC 39     Str 27      XL: 26   Next: 62%
MP   4/16        EV 26     Int  7      God: Jiyva [******]
Gold 3848        SH 22     Dex 25      Spells:  0 memorised, 25 levels left

rFire  . . .     SeeInvis +     q - +7 bastard sword (holy)
rCold  + + .     Clarity  .     w - +9 plate armour "Umunuwk" {+Inv SInv}
rNeg   + . .     rCorr    +     S - +2 shield {reflect}
rPois  +         rRot     .     (helmet restricted)
rElec  .         Spirit   .     j - +2 cloak {+Inv}
SustAb .         Warding  +     B - +2 pair of gloves
rMut   .         Stasis   .     m - +2 pair of boots
Gourm  .                        l - amulet of warding
MR     +....                    P - cursed ring "Ufoarr" {rPois Str+2 Int+3 SInv}
                                t - ring "Qighi" {+Blink rC++ Str+4 Slay+4}

@: slowed, very slow, somewhat resistant to hostile enchantments, extremely
unstealthy
A: retaliatory headbutt, claws 1, horns 2, thin skeletal structure 1, blurry
vision 1, breathe flames 1, low mp 2, acidic bite
a: Request Jelly, Jelly Paralyse, Slimify, Cure Bad Mutation, Renounce Religion,
Breathe Fire, Evoke Blink, Evoke Invisibility
}: 3/15 runes: decaying, silver, gossamer


You were on level 4 of the Depths.
You worshipped Jiyva.
Jiyva was exalted by your worship.
You were completely stuffed.

You visited 13 branches of the dungeon, and saw 62 of its levels.
You visited the Abyss 3 times.
You also visited: Labyrinth, Bailey and Ice Cave.

You collected 7682 gold pieces.
You spent 3834 gold pieces at shops.

Inventory:

Hand weapons
 n - a +10 antimagic quick blade
 q - a +7 bastard sword of holy wrath (weapon)
 z - a +3 quick blade
 D - the +7 short sword "Keoror" {flame, Noisy Int+4 Stlth+}
   (You took it off a minotaur in a labyrinth)

   It emits flame when wielded, causing extra injury to most foes and up to
   double damage against particularly susceptible opponents.
   Big, fiery blades are also staple armaments of hydra-hunters.
   It affects your intelligence (+4).
   It may make noises in combat.
   It makes you more stealthy.
 F - the +8 short sword of Killer Klown's Peril {freeze, rN+}
   (Trog gifted it to you on level 2 of the Orcish Mines)

   It has been specially enchanted to freeze those struck by it, causing extra
   injury to most foes and up to double damage against particularly susceptible
   opponents.
   It can also slow down cold-blooded creatures.
   It protects you from negative energy.
 G - the +8 Wrath of Trog {antimagic, *Rage}
   (You took it off a deep elf mage on level 3 of the Elven Halls)

   It disrupts the flow of magical energy around spellcasters and certain
   magical creatures (including the wielder).
   It may make you go berserk in combat.
 U - a +9 blessed falchion of holy wrath
Missiles
 V - 8 poisoned javelins (quivered)
Armour
 d - a +4 plate armour of fire resistance
 j - a +2 cloak of darkness (worn)
 m - a +2 pair of boots (worn)
 v - the cursed -4 chain mail "Mnoh Asu" {rC++}
   (You found it on level 3 of the Elven Halls)

   It greatly protects you from cold.
   It has a curse placed upon it.
 w - the +9 plate armour "Umunuwk" (worn) {+Inv SInv}
   (You found it in an ice cave)

   It enhances your eyesight.
   It lets you turn invisible.
 B - a +2 pair of gloves (worn)
 S - a +2 shield of reflection (worn)
Magical devices
 a - a wand of lightning (12)
 A - a wand of paralysis (10)
 N - a wand of confusion (6)
 O - a wand of digging (10)
Comestibles
 c - 28 bread rations
 W - 35 fruits
Scrolls
 h - 2 scrolls of summoning
 x - 4 scrolls of brand weapon
 H - 3 scrolls of teleportation
 T - 2 scrolls of magic mapping
Jewellery
 b - an uncursed ring of protection from cold
 e - the ring "Fekhlat" {Fire Str+2}
   (You took it off a deep elf sorcerer on level 3 of the Elven Halls)

   [ring of fire]

   It enhances your fire magic, and weakens your ice magic.
   It affects your strength (+2).
   It protects you from fire.
   It makes you vulnerable to cold.
 l - an amulet of warding (around neck)
 p - an uncursed ring of protection from magic
 t - the ring "Qighi" (left hand) {+Blink rC++ Str+4 Slay+4}
   (You found it on level 3 of the Elven Halls)

   [ring of strength]

   It affects your strength (+4).
   It affects your accuracy and damage with ranged weapons and melee attacks
   (+4).
   It greatly protects you from cold.
   It lets you blink.
 u - an uncursed ring of sustain abilities
 y - a cursed ring of ice
 E - the amulet of Demons {Faith rC- MR++ Slay+5 Stlth+}
   (You took it off a deep elf annihilator on level 3 of the Elven Halls)

   [amulet of faith]

   It allows you to gain divine favour quickly.
   It affects your accuracy and damage with ranged weapons and melee attacks
   (+5).
   It makes you vulnerable to cold.
   It affects your resistance to hostile enchantments.
   It makes you more stealthy.
 J - an uncursed ring of teleport control
 K - the cursed ring of Dozyw {rC+ AC+3 Stlth-}
   (You found it on level 3 of the Crypt)

   [ring of protection]

   It affects your AC (+3).
   It protects you from cold.
   It makes you less stealthy.
   It has a curse placed upon it.
 P - the cursed ring "Ufoarr" (right hand) {rPois Str+2 Int+3 SInv}
   (You bought it in a shop on level 4 of the Orcish Mines)

   [ring of poison resistance]

   It affects your strength (+2).
   It affects your intelligence (+3).
   It protects you from poison.
   It enhances your eyesight.
   It has a curse placed upon it.
 Q - the ring "Nyibov" {rC+ Dex+3}
   (You found it on level 3 of the Elven Halls)

   [ring of protection from cold]

   It affects your dexterity (+3).
   It protects you from cold.
 R - an uncursed ring of ice
 Y - the ring of Vehumet's Regard {rF+ EV+3 Str+3 SInv}
   (You found it in an ice cave)

   [ring of evasion]

   It affects your evasion (+3).
   It affects your strength (+3).
   It protects you from fire.
   It enhances your eyesight.
Potions
 g - 3 potions of might
 i - a potion of agility
 k - 2 potions of resistance
 r - 12 potions of curing
 s - 2 potions of restore abilities
 C - a potion of berserk rage
 M - 3 potions of flight
Books
 f - a book of Annihilations {highlevel, unknown}

   This book is beyond your current level of understanding.

   Spells                             Type                      Level
   Poison Arrow                       Conjuration/Poison           6
   Chain Lightning                    Conjuration/Air              8
   Lehudib's Crystal Spear            Conjuration/Earth            8
   Glaciate                           Conjuration/Ice              9
   Fire Storm                         Conjuration/Fire             9
Miscellaneous
 o - the horn of Geryon (inert)


   Skills:
 + Level 24.1 Fighting
 + Level 25.0(25.8) Short Blades
 + Level 14.1(22.0) Long Blades
   Level 9.8 Maces & Flails
 + Level 18.8 Armour
 + Level 19.2 Dodging
 + Level 6.0 Stealth
 - Level 25.5 Shields
 + Level 3.0 Evocations


You had 25 spell levels left.
You didn't know any spells.

Dungeon Overview and Level Annotations

Branches:
Dungeon (15/15)            Temple (1/1) D:4             Orc (4/4) D:11
    Elf (3/3) Orc:4          Lair (8/8) D:9           Swamp (5/5) Lair:5
 Spider (5/5) Lair:5        Slime (6/6) Lair:8       Vaults (5/5) D:13
  Crypt (3/3) Vaults:2       Tomb (1/3) Crypt:3      Depths (5/5) D:15
   Hell (1/1)                 Dis (0/7) Hell            Geh (0/7) Hell
    Coc (0/7) Hell            Tar (0/7) Hell
    Zot: Depths:5

Altars:
Ashenzari
Cheibriados
Dithmenos
Elyvilon
Fedhas
Kikubaaqudgha
Nemelex Xobeh
Okawaru
Qazlal
Sif Muna
Trog
Xom
Yredelemnul
Zin
The Shining One
Beogh
Jiyva

Shops:
Orc:4 :[=[!   Elf:1 (!*!(   Elf:2 ?   Vaults:1 (   Depths:1 *(

Portals:
Hell: Depths:1 Depths:2 Depths:3 Depths:4
Abyss: Depths:1 Depths:2 Depths:4
Pandemonium: Depths:2 Depths:3
Ziggurat: Depths:2

Annotations:
Swamp:5 Lernaean hydra
Slime:6 Royal Jelly


Innate Abilities, Weirdness & Mutations

You reflexively headbutt those who attack you in melee.
You have a pair of horns on your head.
You have sharp fingernails.
You have a somewhat thin skeletal structure (Dex +2, Stealth).
Your vision is a little blurry.
You can breathe flames.
Your magical capacity is very low (-20% MP).
You have acidic saliva.


Message History

Welcome back, Kashira the Minotaur Berserker.
Slime for the Slime God!
Press ? for a list of commands and other information.
Unknown command.
Drink which item? (? for menu, Esc to quit)
You feel better.
You block the spriggan defender's attack.
The elephant rages.
You hear a slurping noise.
Jiyva appreciates your sacrifice.
You feel a little less hungry.
You feel your power returning.
You feel a little better. Jiyva appreciates your sacrifice.
You feel a little less hungry.
You feel your power returning.
You feel a little better.
You feel a little less hungry.
You feel your power returning.
You feel a little better.
The acid blob hits the green draconian!
The green draconian is splashed with acid.
The spriggan defender hits you with a runed quick blade!!
You die...

### #=(..#............ #
#######........... #
##..##.......... #
#....'.......... #
#)...#.........) #
#....'.......#.. ###
##..##.....#.#.. [>#
#######....#.#.... ..#
#@ii.#.....#...... .##
#Jii.#............ .#####
######dYJ'........(..# ###).#
#_.###..##.....#....##
#...)#######....##J#.....#.....'.
'....##.=.##....'..............#.
##...#.....#...##.....#.....#'##.
.#'###.....###'#....#......##(...
.....##...##..........≈≈...###...


You could see a green draconian, an elephant (berserk), a spriggan defender, 2
spriggan berserkers, a spriggan, a neutral acid blob (fellow slime) and 2
neutral jellies (fellow slime).

Vanquished Creatures
  3 ancient liches
  Sojobo (Depths:4)
  Margery (Crypt:3)
  Norris (Elf:3)
  Geryon (Hell)
  A golden dragon (Depths:3)
  A profane servitor (Crypt:3)
  A Brimstone Fiend (Elf:3)
  A bone dragon (Crypt:3)
  the Enchantress (Depths:4)
  Arachne (Spider:4)
  The ghost of namnaref the Ninja, a great SpAs of Dithmenos (Depths:4)
  9 liches
  10 tentacled monstrosities
  3 quicksilver dragons
  A Shadow Fiend (Vaults:2)
  4 titans (Vaults:5)
  12 tentacled starspawn
  A deep elf master archer (Elf:3)
  10 acid blobs
  2 deep elf blademasters (Elf:3)
  9 sphinxes
  2 Executioners (Vaults:5)
  2 octopode crushers
  4 storm dragons
  An ancient champion (Crypt:3)
  A daeva (Abyss:2)
  Kirke (Spider:4)
  9 tengu reavers
  4 azure jellies
  11 shadow dragons
  2 revenants
  3 orc warlords
  Donald (Swamp:2)
  Wiglaf (Depths:3)
  3 iron dragons
  2 deep elf sorcerers
  6 emperor scorpions
  7 frost giants
  A draconian scorcher (Abyss:3)
  4 ghost moths
  9 fire giants
  8 vault wardens
  3 spriggan defenders
  A ghoul (Crypt:3)
  5 war gargoyles
  10 rakshasas
  4 very ugly things
  22 stone giants
  8 deep elf demonologists
  5 reapers (Depths:1)
  3 salamander firebrands (Hell)
  2 lorocyprocas
  4 vampire knights
  5 dire elephants
  Azrael (Spider:4)
  4 deep elf annihilators (Elf:3)
  A purple draconian (Depths:4)
  6 ettins
  An unborn (Crypt:3)
  Snorg (Orc:3)
  41 vault guards
  7 deep elf death magi
  2 eidola (Crypt:2)
  19 yaktaur captains
  2 merfolk impalers (Depths:1)
  2 deep elf high priests
  A crystal guardian (Abyss:2)
  18 jiangshi
  8 great orbs of eyes
  A death ooze (Slime:6)
  5 fire dragons
  4 minotaurs
  Fannar (Lair:4)
  3 death cobs (Crypt:3)
  20 hydras
  8 ironheart preservers
  A ghost crab (Crypt:1)
  A naga warrior (Abyss:3)
  7 ice dragons
  A ravenous feature mimic (Vaults:3)
  2 ravenous item mimics
  5 spriggan air magi
  3 centaur warriors
  Erica (Orc:3)
  13 ogre magi
  A merfolk aquamancer (Depths:4)
  A dancing weapon (Vaults:5)
  15 deep troll earth magi
  A tengu warrior (D:13)
  3 alligators
  4 death knights
  A titan zombie (Vaults:5)
  11 deep troll shamans
  19 death yaks
  5 hell hogs (Hell)
  6 soul eaters
  4 vampire magi
  An orc high priest (Elf:1)
  A storm dragon zombie (Hell)
  11 thrashing horrors
  12 wretched stars
  7 shadow wraiths
  4 sun demons (Hell)
  A titan skeleton (Crypt:3)
  A spectral ghost moth (Crypt:3)
  A fire crab (shapeshifter) (Depths:4)
  3 ice devils (Hell)
  A spatial maelstrom (Abyss:1)
  23 hell knights
  2 fire crabs (Vaults:5)
  14 deep elf knights
  15 orb spiders
  29 skeletal warriors
  A death drake (Abyss:1)
  6 iron trolls
  An anaconda zombie (Crypt:3)
  30 large abominations
  37 deep trolls
  2 deep elf summoners
  A ghost moth zombie (Crypt:3)
  3 giant orange brains
  12 orc knights
  2 unseen horrors (shapeshifter)
  4 unseen horrors
  11 swamp dragons
  A golden dragon skeleton (Crypt:2)
  2 ice statues
  An anaconda skeleton (Hell)
  9 flayed ghosts
  15 ironbrand convokers
  Erolcha (D:13)
  Pikel (D:8)
  17 deep elf conjurers
  A spectral hydra (Crypt:3)
  A wolf spider zombie (Hell)
  15 necromancers
  3 shadow dragon zombies
  A griffon (shapeshifter) (Depths:3)
  41 wolf spiders
  19 hill giants
  A red wasp (shapeshifter) (D:15)
  3 hellions
  5 red wasps
  A stone giant zombie (Crypt:3)
  26 ugly things
  An iron dragon zombie (Crypt:1)
  8 griffons
  2 sixfirhies
  3 wizards
  5 cyclopes
  4 shining eyes
  A hell beast (Slime:6)
  2 manticores
  2 fire giant zombies
  2 frost giant zombies
  An orc sorcerer (Elf:1)
  A manticore (shapeshifter) (Elf:3)
  An elephant (shapeshifter) (D:15)
  A dire elephant zombie (Hell)
  18 phantasmal warriors
  2 fire giant skeletons
  2 octopodes (shapeshifter)
  3 smoke demons
  2 iron dragon skeletons
  A guardian serpent (shapeshifter) (Depths:4)
  8 elephants
  2 apocalypse crabs (Abyss:3)
  A frost giant skeleton (Crypt:1)
  2 moths of wrath
  7 iron devils
  2 black mambas
  A centaur zombie (D:11)
  An orange demon (Elf:3)
  6 guardian serpents
  A hell hog skeleton (Hell)
  8 vault sentinels
  A spiny frog (shapeshifter) (Vaults:2)
  2 gargoyles (D:15)
  5 torpor snails
  8 spiny frogs
  9 komodo dragons
  An emperor scorpion zombie (Crypt:1)
  3 kobold demonologists
  4 yaktaurs (shapeshifter)
  5 fire drakes
  44 yaktaurs
  An alligator snapping turtle skeleton (Crypt:2)
  11 demonic crawlers
  A red draconian skeleton (Crypt:1)
  A hellwing (Elf:3)
  10 ancient zymes
  4 guardian mummies (Tomb:1)
  2 spriggan druids (Lair:8)
  A mottled draconian skeleton (Crypt:1)
  12 human zombies
  A silent spectre (Abyss:2)
  A troll (shapeshifter) (Vaults:5)
  A tengu conjurer (Depths:4)
  4 hydra zombies
  A red devil (Hell)
  9 deep elf priests
  10 freezing wraiths
  8 ravens
  Sonja (Orc:4)
  A wind drake (shapeshifter) (Depths:4)
  8 blue devils
  5 giant leeches
  A harpy skeleton (Crypt:2)
  24 jumping spiders
  27 polar bears
  2 hydra skeletons
  33 two-headed ogres
  An alligator zombie (Hell)
  A fire giant simulacrum (Crypt:3)
  3 human skeletons
  8 trolls
  3 baby alligators (Swamp:3)
  17 raiju
  28 blink frogs
  A raiju (shapeshifter) (Abyss:3)
  An ice dragon zombie (Hell)
  A boulder beetle (Spider:3)
  4 wyverns
  2 ettin zombies
  6 basilisks
  6 shadows
  5 starcursed masses
  90 slime creatures
  18 spriggans
  2 bog bodies
  12 wraiths
  2 alligator skeletons (Hell)
  32 tarantellas
  18 trapdoor spiders
  71 flying skulls
  12 water elementals
  5 air elementals
  A wind drake zombie (Crypt:2)
  A griffon skeleton (D:15)
  2 tarantellas (shapeshifter)
  8 fire elementals
  A golden eye (shapeshifter) (Elf:3)
  9 hungry ghosts
  67 redbacks
  5 vampires
  48 yaks
  2 ynoxinuls (Abyss:3)
  Grum (Orc:3)
  A black mamba skeleton (Crypt:1)
  2 steam dragons
  3 wandering mushrooms
  32 deep elf magi
  18 vampire mosquitoes
  5 chaos spawn
  4 golden eyes (Slime:3)
  18 hippogriffs
  7 wargs
  30 wolves
  36 deep elf fighters
  A neqoxec (Abyss:3)
  23 swamp worms
  Menkaure (D:5)
  3 nagas (Abyss:3)
  4 porcupines
  A torturous demonspawn zombie (Crypt:1)
  2 mottled dragons
  38 water moccasins
  2 hell hounds (Spider:4)
  27 small abominations
  28 spiders
  A human simulacrum (Vaults:2)
  12 swamp drakes
  34 orc warriors
  3 sky beasts
  16 boggarts
  A ghost crab zombie (Crypt:1)
  2 manticore zombies
  4 black bears
  53 ogres
  A baby alligator skeleton (Crypt:2)
  A snapping turtle zombie (Hell)
  8 yellow wasps
  2 alligator simulacra (Hell)
  7 ice beasts
  2 snapping turtle skeletons
  2 phantoms
  16 crocodiles
  4 necrophages (Crypt:3)
  13 centaurs
  A brain worm (shapeshifter) (Abyss:3)
  A centaur (shapeshifter) (Depths:4)
  A brain worm (D:15)
  3 big kobolds
  20 giant frogs
  A salamander skeleton (Crypt:1)
  A yaktaur skeleton (D:12)
  14 insubstantial wisps
  2 cyclops skeletons
  A troll zombie (Hell)
  A wyvern skeleton (D:11)
  6 eyes of draining
  2 scorpions
  33 jellies
  15 killer bees
  A troll skeleton (D:9)
  9 electric eels
  A goliath beetle (D:9)
  9 crimson imps
  2 quasits
  30 orc wizards
  9 iguanas
  23 orc priests
  10 iron imps
  A demonspawn skeleton (Crypt:1)
  An iguana (shapeshifter) (Vaults:5)
  9 hounds
  16 worker ants
  4 orange rats
  28 sheep
  2 ogre skeletons
  A sky beast zombie (D:7)
  A necrophage skeleton (Crypt:3)
  A hound zombie (D:9)
  5 mummies
  An orange rat zombie (Depths:1)
  29 adders
  42 green rats
  4 gnolls (D:6)
  A shadow imp (D:14)
  A steam dragon skeleton (D:7)
  14 white imps
  8 ufetubi
  A worm (D:4)
  A lava snake zombie (Crypt:2)
  An adder skeleton (D:6)
  2 orc zombies (D:5)
  3 giant geckos
  An ooze (D:5)
  187 orcs
  13 bats
  5 giant cockroaches
  31 goblins
  25 hobgoblins
  22 jackals
  36 kobolds
  18 quokkas
  A ball python (D:3)
  3 giant newts
  A giant spore (D:12)
  A hobgoblin skeleton (D:5)
  A jackal skeleton (Crypt:1)
  A kobold skeleton (D:8)
  An orc skeleton (D:6)
  A quokka skeleton (D:6)
  12 rats
  A rat skeleton (D:5)
  A rat zombie (D:3)
  16 ballistomycetes
  6 crawling corpses
  A fungus (D:9)
  4 starspawn tentacles
2977 creatures vanquished.

Vanquished Creatures (collateral kills)
  A tentacled monstrosity (Depths:4)
  Rupert (Swamp:2)
  Agnes (Swamp:2)
  Frances (Spider:2)
  A thorn hunter (Swamp:3)
  Roxanne (Spider:1)
  A vault warden (Vaults:1)
  A frost giant (Depths:4)
  Louise (Swamp:3)
  A very ugly thing (Depths:4)
  A stone giant (Depths:2)
  3 vault guards
  An ironheart preserver (Vaults:1)
  A hydra (Swamp:1)
  A centaur warrior (D:14)
  An ogre mage (Vaults:1)
  A deep troll earth mage (Vaults:1)
  A death yak (Depths:1)
  3 spriggans
  A wretched star (Abyss:3)
  A hell knight (Depths:4)
  A deep troll (Depths:1)
  3 orb spiders
  4 large abominations (Depths:4)
  A swamp dragon (Swamp:5)
  A golden dragon skeleton (Depths:1)
  3 hill giants
  A necromancer (Depths:1)
  3 griffons
  An oklob plant (Lair:6)
  3 ugly things
  A worldbinder (Abyss:3)
  10 elephants
  A dire elephant zombie (Depths:1)
  A vault sentinel (Vaults:1)
  A stone giant skeleton (Depths:1)
  A smoke demon (Abyss:3)
  A komodo dragon (D:12)
  15 spiny frogs
  A yaktaur (Vaults:1)
  5 fire drakes
  A troll (Depths:4)
  A jumping spider (Abyss:3)
  A queen bee (shapeshifter) (D:12)
  3 ravens
  4 basilisks
  A two-headed ogre (D:12)
  A shadow (Crypt:3)
  2 trapdoor spiders (Lab)
  5 yaks
  A flying skull (Crypt:3)
  12 redbacks
  3 air elementals (Depths:4)
  A human (D:9)
  2 tarantellas
  A spriggan skeleton (Depths:1)
  6 hogs
  2 water elementals
  3 wyverns
  A swamp worm (Swamp:2)
  A deep elf fighter (Elf:2)
  2 hippogriffs
  2 wolves (Lair:8)
  3 hell hounds
  A water moccasin (Swamp:2)
  A spider (Spider:1)
  An ettin simulacrum (Depths:1)
  An ice beast (Elf:2)
  2 yellow wasps
  2 black bears (Lair:8)
  4 orc warriors
  An elf zombie (Depths:1)
  8 ogres
  2 crocodiles (Lair:8)
  2 giant frogs
  2 scorpions
  A killer bee (D:12)
  A worker ant (D:12)
  A sheep (D:9)
  An adder (D:12)
  7 green rats
  7 orcs
  A plant (Lair:6)
188 creatures vanquished.

Vanquished Creatures (others)
  6 acid blobs
  A deep elf master archer (Elf:3)
  A tengu reaver (Vaults:5)
  A deep elf sorcerer (Elf:3)
  4 deep elf annihilators (Elf:3)
  5 deep elf demonologists (Elf:3)
  2 deep elf high priests (Elf:3)
  A great orb of eyes (Slime:6)
  A yaktaur captain (Vaults:5)
  A hydra (Swamp:5)
  An alligator (Swamp:5)
  A thrashing horror (Abyss:2)
  2 deep elf knights
  An orb spider (Spider:4)
  A shadow wraith (Vaults:4)
  A hell beast (Elf:3)
  An ice devil (Elf:3)
  3 deep trolls
  A hill giant (Orc:4)
  A deep elf conjurer (Elf:1)
  A shock serpent zombie (Hell)
  A black mamba (shapeshifter) (Vaults:5)
  A frost giant skeleton (Crypt:3)
  A tormentor (Elf:3)
  An iron devil (Elf:3)
  A demonic crawler (Spider:4)
  2 human zombies
  3 yaktaurs
  3 trolls
  A deep elf priest (Elf:3)
  A polar bear (Vaults:5)
  9 two-headed ogres
  A harpy skeleton (Crypt:3)
  10 deep elf magi (Elf:3)
  A redback (Spider:5)
  2 air elementals
  8 slime creatures
  2 tarantellas
  4 golden eyes (Slime:6)
  A ynoxinul (Elf:3)
  A chaos spawn (Elf:3)
  A swamp worm (Swamp:5)
  4 deep elf fighters (Elf:3)
  A small abomination (Abyss:2)
  An orc warrior (Depths:4)
  A black bear (Crypt:3)
  A centaur (D:12)
  9 lost souls
  26 ogres
  40 jellies
  7 ufetubi
  8 orcs
  2 bats
  4 giant spores
  A rat (D:5)
  A briar patch (Swamp:3)
  A plant (Lair:6)
  28 starspawn tentacles
  181 starspawn tentacle segments
408 creatures vanquished.

Grand Total: 3573 creatures vanquished

Notes
Turn   | Place    | Note
--------------------------------------------------------------
     0 | D:1      | Kashira, the Minotaur Berserker, began the quest for the Orb.
     0 | D:1      | Reached XP level 1. HP: 19/19 MP: 1/1
   313 | D:1      | Reached XP level 2. HP: 22/27 MP: 1/1
   342 | D:1      | Reached skill level 4 in Fighting
  1223 | D:2      | Acquired Trog's second power
  1281 | D:2      | Reached XP level 3. HP: 31/34 MP: 2/2
  2455 | D:3      | Reached XP level 4. HP: 37/41 MP: 2/2
  2792 | D:4      | Noticed a centaur
  2801 | D:4      | Killed a centaur
  2801 | D:4      | Reached skill level 1 in Shields
  2801 | D:4      | Reached XP level 5. HP: 26/47 MP: 2/2
  3235 | D:4      | Found a staircase to the Ecumenical Temple.
  3520 | D:4      | Found an ancient bone altar of Kikubaaqudgha.
  3520 | D:4      | Found a shattered altar of Ashenzari.
  3521 | D:4      | Found a basalt altar of Yredelemnul.
  3613 | D:4      | Reached skill level 5 in Maces & Flails
  3741 | D:5      | Entered Level 5 of the Dungeon
  3741 | D:5      | Noticed an ice beast
  3752 | D:5      | Killed an ice beast
  3752 | D:5      | Reached skill level 5 in Fighting
  3752 | D:5      | Reached XP level 6. HP: 8/56 MP: 3/3
  4155 | D:5      | Noticed an ogre
  4165 | D:5      | Killed an ogre
  4231 | D:5      | Reached XP level 7. HP: 34/61 MP: 3/3
  4370 | D:5      | Noticed Menkaure
  4379 | D:5      | Killed Menkaure
  4379 | D:5      | Reached skill level 5 in Dodging
  4536 | D:5      | Reached skill level 6 in Maces & Flails
  4659 | D:5      | Noticed an ice beast
  4671 | D:5      | Killed an ice beast
  5145 | D:6      | Acquired Trog's third power
  5179 | D:6      | Found a deep blue altar of Sif Muna.
  5361 | D:6      | Reached XP level 8. HP: 70/70 MP: 3/3
  5461 | D:6      | Found a bloodstained altar of Trog.
  5602 | D:6      | Reached skill level 1 in Stealth
  5870 | D:7      | Found a stormy altar of Qazlal.
  6280 | D:7      | Found a glowing golden altar of the Shining One.
  6323 | D:7      | Reached skill level 5 in Shields
  6500 | D:8      | Noticed Pikel
  6512 | D:8      | Killed Pikel
  6512 | D:8      | Reached skill level 7 in Maces & Flails
  7013 | D:8      | Reached XP level 9. HP: 75/78 MP: 4/4
  7017 | D:8      | Noticed a two-headed ogre
  7026 | D:8      | Killed a two-headed ogre
  7026 | D:8      | Reached skill level 8 in Dodging
  7102 | D:8      | Found Zin's Purification Station.
  7105 | D:8      | Found a glowing silver altar of Zin.
  7116 | D:8      | Bought a potion of restore abilities for 90 gold pieces
  7487 | D:9      | Found a staircase to the Lair.
  7560 | D:9      | Received a gift from Trog
  7936 | D:9      | Reached skill level 5 in Armour
  8007 | D:9      | Reached skill level 9 in Dodging
  8330 | D:9      | Noticed a cyclops
  8343 | D:9      | Killed a cyclops
  8643 | Lair:1   | Entered Level 1 of the Lair of Beasts
  8653 | Lair:1   | Noticed a komodo dragon
  8665 | Lair:1   | Reached XP level 10. HP: 69/86 MP: 4/4
  8678 | Lair:1   | Killed a komodo dragon
  8970 | Lair:1   | Found a labyrinth entrance.
  8985 | Lab      | Entered a labyrinth
 10881 | Lab      | Noticed a minotaur
 10896 | Lab      | Killed a minotaur
 10896 | Lab      | Reached skill level 10 in Dodging
 10929 | Lab      | Got a transparent short sword {flame}
 10941 | Lab      | Identified the +7 short sword "Keoror" {flame, Noisy Int+4 Stlth+} (You took it off a minotaur in a labyrinth)
 11532 | Lair:1   | Gained mutation: You are partially covered in yellow scales (AC +2). [potion of mutation]
 11532 | Lair:1   | Gained mutation: You are partially covered in thin metallic scales (AC +2). [potion of mutation]
 11644 | Lair:2   | Noticed a four-headed hydra
 11654 | Lair:2   | Killed a hydra
 11654 | Lair:2   | Reached XP level 11. HP: 81/97 MP: 4/5
 11675 | Lair:2   | Noticed an eight-headed hydra
 11689 | Lair:2   | Killed a two-headed hydra
 11689 | Lair:2   | Reached skill level 1 in Short Blades
 12527 | Lair:2   | Reached skill level 10 in Shields
 12842 | Lair:2   | Identified a scroll of acquirement
 13254 | Lair:3   | Noticed a six-headed hydra
 13263 | Lair:3   | Killed a hydra
 13821 | Lair:4   | Noticed Fannar
 13829 | Lair:4   | Killed Fannar
 13829 | Lair:4   | Reached skill level 1 in Evocations
 13993 | Lair:4   | Got an ichor-stained leather armour
 13994 | Lair:4   | Identified the cursed +0 leather armour "Mubibag" {rPois Dex+1 Slay+4} (You found it on level 4 of the Lair of Beasts)
 14161 | Lair:4   | Noticed a four-headed hydra
 14169 | Lair:4   | Killed a hydra
 14169 | Lair:4   | Reached skill level 11 in Shields
 14229 | Lair:4   | Reached XP level 12. HP: 99/106 MP: 7/7
 14231 | Lair:4   | Reached skill level 5 in Short Blades
 14275 | Lair:4   | Reached skill level 10 in Fighting
 14287 | Lair:4   | Reached skill level 10 in Armour
 15127 | Lair:5   | Reached skill level 12 in Shields
 15294 | Lair:5   | Found a hole to the Spider Nest.
 15740 | Lair:5   | Received a gift from Trog
 15949 | Lair:5   | Found a staircase to the Swamp.
 16249 | Lair:6   | Reached XP level 13. HP: 93/115 MP: 8/8
 16380 | Lair:6   | Reached skill level 13 in Shields
 17070 | Lair:7   | Received a gift from Trog
 17074 | Lair:7   | Found a frozen archway.
 17088 | IceCv    | Entered an ice cave
 17503 | IceCv    | Reached skill level 14 in Shields
 17721 | IceCv    | Noticed a frost giant
 17748 | IceCv    | Killed a frost giant
 18183 | IceCv    | Got a pitted silver ring
 18191 | IceCv    | Identified the ring of Vehumet's Regard {rF+ EV+3 Str+3 SInv} (You found it in an ice cave)
 18217 | IceCv    | Got an encrusted plate armour
 18228 | IceCv    | Identified the +9 plate armour "Umunuwk" {+Inv SInv} (You found it in an ice cave)
 18385 | Lair:7   | Received a gift from Trog
 19208 | Lair:8   | Entered Level 8 of the Lair of Beasts
 19249 | Lair:8   | Reached XP level 14. HP: 125/125 MP: 8/8
 19271 | Lair:8   | Found a staircase to the Slime Pits.
 19547 | Lair:8   | Reached skill level 15 in Shields
 19663 | Lair:8   | Received a gift from Trog
 20371 | Lair:8   | Reached skill level 10 in Short Blades
 20559 | Lair:8   | Got a distressingly furry hat
 20565 | Lair:8   | Identified the +4 hat of Listlessness {Str+4 Dex+3} (You found it on level 8 of the Lair of Beasts)
 20635 | Lair:8   | Received a gift from Trog
 21142 | D:10     | Entered Level 10 of the Dungeon
 21580 | D:10     | Gained mutation: You have sharp fingernails. [mutagenic meat]
 21581 | D:10     | Gained mutation: You are resistant to electric shocks. [mutagenic meat]
 21582 | D:10     | Gained mutation: You tend to lose your temper in combat. [mutagenic meat]
 21811 | D:11     | Found a flagged portal.
 21823 | Bailey   | Entered a bailey
 21938 | Bailey   | Found a roughly hewn altar of Beogh.
 21945 | Bailey   | Reached skill level 16 in Shields
 22103 | Bailey   | Received a gift from Trog
 22578 | D:11     | Found a staircase to the Orcish Mines.
 23015 | D:11     | Received a gift from Trog
 23257 | D:11     | Reached skill level 17 in Shields
 23651 | Orc:1    | Entered Level 1 of the Orcish Mines
 23916 | Orc:2    | Found a bloodstained altar of Trog.
 24228 | Orc:2    | Received a gift from Trog
 24232 | Orc:2    | Got a bloodstained short sword {god gift}
 24233 | Orc:2    | Identified the +8 short sword of Killer Klown's Peril {freeze, rN+} (Trog gifted it to you on level 2 of the Orcish Mines)
 24400 | Orc:3    | Noticed Grum
 24411 | Orc:3    | Killed Grum
 24550 | Orc:3    | Noticed Erica
 24558 | Orc:3    | Killed Erica
 24900 | Orc:3    | Noticed Snorg
 24911 | Orc:3    | Killed Snorg
 24911 | Orc:3    | Received a gift from Trog
 25130 | Orc:4    | Entered Level 4 of the Orcish Mines
 25130 | Orc:4    | Noticed Sonja
 25155 | Orc:4    | Killed Sonja
 25423 | Orc:4    | Found a staircase to the Elven Halls.
 25602 | Orc:4    | Found a roughly hewn altar of Beogh.
 25657 | Orc:4    | Found Caotaen's Jewellery Shoppe.
 25657 | Orc:4    | Found Mnir's Book Shop.
 25657 | Orc:4    | Found Qeacest's Antique Armour Boutique.
 25657 | Orc:4    | Found Gaustial's Armour Shoppe.
 25691 | Orc:4    | Found Khafuel's Distillery.
 25695 | Orc:4    | Bought a potion of curing for 24 gold pieces
 25695 | Orc:4    | Bought a potion of heal wounds for 36 gold pieces
 25695 | Orc:4    | Bought a potion of curing for 24 gold pieces
 25695 | Orc:4    | Bought a potion of curing for 24 gold pieces
 25695 | Orc:4    | Bought a potion of heal wounds for 36 gold pieces
 25695 | Orc:4    | Bought a potion of curing for 24 gold pieces
 25739 | Orc:4    | Reached skill level 18 in Shields
 25747 | Orc:4    | Reached XP level 15. HP: 115/134 MP: 9/9
 25950 | Orc:4    | Bought the ring "Ufoarr" {rPois Str+2 Int+3 SInv} for 667 gold pieces
 25964 | Orc:4    | Got a steaming cloak
 25980 | Orc:4    | Identified the +0 cloak "Lipnef" {Str-3 Dex-3} (You acquired it on level 4 of the Orcish Mines)
 26208 | Orc:1    | Received a gift from Trog
 26818 | Swamp:1  | Entered Level 1 of the Swamp
 27206 | Swamp:1  | Found a shadowy altar of Dithmenos.
 27496 | Swamp:2  | Noticed Donald
 27504 | Swamp:2  | Killed Donald
 27744 | Swamp:2  | Received a gift from Trog
 27779 | Swamp:2  | Noticed Rupert
 27785 | Swamp:2  | Killed Rupert
 27994 | Swamp:2  | Noticed Agnes
 27999 | Swamp:2  | Killed Agnes
 28366 | Swamp:3  | Reached skill level 19 in Shields
 28392 | Swamp:3  | Noticed a thorn hunter
 28405 | Swamp:3  | Killed a thorn hunter
 28485 | Swamp:3  | Noticed Louise
 28492 | Swamp:3  | Killed Louise
 28966 | Swamp:4  | Found a glowing silver altar of Zin.
 29362 | Swamp:4  | Received a gift from Trog
 29521 | Swamp:5  | Entered Level 5 of the Swamp
 29675 | Swamp:5  | Reached skill level 20 in Shields
 29728 | Swamp:5  | Gained mutation: Your mind is acute. (Int +2) [potion of beneficial mutation]
 29983 | Swamp:5  | Reached skill level 21 in Shields
 29985 | Swamp:5  | Reached XP level 16. HP: 145/145 MP: 10/10
 30080 | Swamp:5  | Noticed the 27-headed Lernaean hydra
 30138 | Swamp:5  | Received a gift from Trog
 30145 | Swamp:5  | Got a decaying rune of Zot
 30407 | Spider:1 | Entered Level 1 of the Spider Nest
 30734 | Spider:1 | Reached skill level 22 in Shields
 30737 | Spider:1 | Gained mutation: You can breathe flames. [potion of mutation]
 30737 | Spider:1 | Gained mutation: You can translocate small distances at will. [potion of mutation]
 30737 | Spider:1 | Gained mutation: You have large cloven feet. [potion of mutation]
 30833 | Spider:1 | Noticed Roxanne
 30917 | Spider:1 | Killed Roxanne
 31572 | Spider:2 | Received a gift from Trog
 31736 | Spider:2 | Noticed Frances
 31745 | Spider:2 | Killed Frances
 31932 | Spider:3 | Reached skill level 23 in Shields
 32124 | Spider:3 | Received a gift from Trog
 32774 | Spider:4 | Noticed Kirke
 32787 | Spider:4 | Killed Kirke
 32941 | Spider:4 | Noticed Arachne
 32970 | Spider:4 | Killed Arachne
 32970 | Spider:4 | Reached skill level 24 in Shields
 33517 | Spider:4 | Reached XP level 17. HP: 152/152 MP: 10/10
 33535 | Spider:4 | Noticed Azrael
 33569 | Spider:4 | Killed Azrael
 33786 | Spider:5 | Entered Level 5 of the Spider Nest
 34063 | Spider:5 | Received a gift from Trog
 34615 | Spider:5 | Received a gift from Trog
 34628 | Spider:5 | Reached skill level 25 in Shields
 34722 | Spider:5 | Gained mutation: You are partially covered in iridescent scales (AC +4). [mutagenic meat]
 34882 | Spider:5 | Got a gossamer rune of Zot
 35841 | D:12     | Received a gift from Trog
 35871 | D:12     | Lost mutation: You tend to lose your temper in combat. [mutagenic meat]
 35939 | D:13     | Noticed Erolcha
 35944 | D:13     | Killed Erolcha
 36037 | D:13     | Found a gate to the Vaults.
 36067 | D:13     | Found an iron altar of Okawaru.
 36394 | D:13     | Found an iron altar of Okawaru.
 36926 | D:14     | Found a white marble altar of Elyvilon.
 36931 | D:14     | Received a gift from Trog
 36937 | D:14     | Found a white marble altar of Elyvilon.
 37461 | D:15     | Entered Level 15 of the Dungeon
 37565 | D:15     | Reached skill level 15 in Fighting
 37743 | D:15     | Reached XP level 18. HP: 163/163 MP: 11/11
 37873 | D:15     | Gained mutation: You are clumsy. (Dex -2) [mutagenic meat]
 37875 | D:15     | Gained mutation: You occasionally shout uncontrollably at your foes. [mutagenic meat]
 37876 | D:15     | Gained mutation: Your mind is very acute. (Int +4) [mutagenic meat]
 37932 | D:15     | Found a staircase to the Depths.
 37937 | D:15     | Received a gift from Trog
 37944 | D:15     | Gained mutation: Your body is slowly deteriorating. [mutagenic meat]
 38408 | Depths:1 | Entered Level 1 of the Depths
 38712 | Depths:1 | Found Kiladocw's Weapon Shoppe.
 38934 | Depths:1 | Received a gift from Trog
 38940 | Depths:1 | Reached skill level 15 in Short Blades
 39302 | Depths:1 | Found Uggumu's Blood Bar.
 39510 | Depths:1 | Found a one-way gate to the infinite horrors of the Abyss.
 39696 | Depths:1 | Found a gateway to Hell.
 39919 | Depths:2 | Received a gift from Trog
 40567 | Depths:2 | Paralysed by a great orb of eyes for 2 turns
 40574 | Depths:2 | Reached XP level 19. HP: 173/173 MP: 11/11
 40669 | Depths:2 | Lost mutation: You are resistant to electric shocks. [mutagenic meat]
 40670 | Depths:2 | Lost mutation: You have large cloven feet. [mutagenic meat]
 41058 | Depths:2 | Found a one-way gate leading to the halls of Pandemonium.
 41091 | Depths:2 | Found a gateway to a ziggurat.
 42223 | Depths:3 | Noticed Wiglaf
 42239 | Depths:3 | Killed Wiglaf
 42726 | Depths:3 | Reached skill level 15 in Dodging
 42994 | Depths:3 | Noticed a golden dragon
 43015 | Depths:3 | Killed a golden dragon
 43256 | Vaults:1 | Entered Level 1 of the Vaults
 43267 | Vaults:1 | Reached skill level 15 in Armour
 43711 | Vaults:1 | Lost mutation: Your mind is very acute. (Int +4) [potion of mutation]
 43716 | Vaults:1 | Found Thiwkix's Antique Weapon Shop.
 43721 | Vaults:1 | Bought a smoking broad axe for 252 gold pieces
 43722 | Vaults:1 | Identified the +4 broad axe of Kenowisch {chop, rPois} (You bought it in a shop on level 1 of the Vaults)
 43786 | Vaults:1 | Received a gift from Trog
 43889 | Vaults:1 | Got a pitted quick blade {god gift}
 43890 | Vaults:1 | Identified the +3 quick blade of the Onslaught {stab, rF+} (Trog gifted it to you on level 1 of the Vaults)
 43995 | Vaults:1 | Reached XP level 20. HP: 130/187 MP: 12/12
 44695 | Vaults:2 | Cast into the Abyss (deep elf demonologist)
 45117 | Abyss:2  | Identified Biquvyobb's Catalogue of Companions (You found it on level 2 of the Abyss)
 45533 | Abyss:3  | Found a corrupted altar of Lugonu.
 45699 | Abyss:3  | Reached skill level 1 in Long Blades
 45712 | Abyss:3  | Gained mutation: Your spells are easier to cast, but less powerful. [a cacodemon]
 45862 | Abyss:3  | Found a corrupted altar of Lugonu.
 45913 | Abyss:3  | Found a corrupted altar of Lugonu.
 45918 | Abyss:3  | Fell from the grace of Trog
 45918 | Abyss:3  | Became a worshipper of Lugonu the Unformed
 45918 | Abyss:3  | Acquired Lugonu's first power
 45980 | Vaults:2 | Escaped the Abyss
 46466 | Temple   | Entered the Ecumenical Temple
 46484 | Temple   | Fell from the grace of Lugonu
 46484 | Temple   | Became a worshipper of Trog the Wrathful
 46816 | Elf:1    | Entered Level 1 of the Elven Halls
 46854 | Elf:1    | Acquired Trog's first power
 46887 | Elf:1    | Found Etuudukh's Distillery.
 46895 | Elf:1    | Bought a potion of heal wounds for 48 gold pieces
 46895 | Elf:1    | Bought 2 potions of mutation for 80 gold pieces
 46895 | Elf:1    | Bought a potion of restore abilities for 48 gold pieces
 46895 | Elf:1    | Bought a potion of degeneration for 32 gold pieces
 46895 | Elf:1    | Bought a potion of curing for 32 gold pieces
 46895 | Elf:1    | Bought a potion of curing for 32 gold pieces
 46957 | Elf:1    | Found Huramm's General Store.
 46965 | Elf:1    | Bought a potion of beneficial mutation for 560 gold pieces
 47106 | Elf:1    | Found Lum Urph's Weapon Shoppe.
 47249 | Elf:1    | Found Jostroosym's Weapon Boutique.
 47469 | Elf:1    | Found Myro's Distillery.
 47478 | Elf:1    | Bought a potion of mutation for 37 gold pieces
 47478 | Elf:1    | Bought a potion of heal wounds for 45 gold pieces
 47478 | Elf:1    | Bought a potion of experience for 750 gold pieces
 47478 | Elf:1    | Bought a potion of beneficial mutation for 525 gold pieces
 47478 | Elf:1    | Bought a potion of haste for 105 gold pieces
 47478 | Elf:1    | Bought a potion of curing for 30 gold pieces
 47479 | Elf:1    | Reached XP level 21. HP: 193/195 MP: 14/14
 47529 | Elf:1    | Gained mutation: You have an increased reservoir of magic (+10% MP). [potion of mutation]
 47530 | Elf:1    | Lost mutation: Your mind is acute. (Int +2) [potion of mutation]
 47530 | Elf:1    | Gained mutation: You have a pair of large horns on your head. [potion of mutation]
 47531 | Elf:1    | Gained mutation: You are resistant to hostile enchantments. [potion of mutation]
 47531 | Elf:1    | Lost mutation: You are clumsy. (Dex -2) [potion of mutation]
 47532 | Elf:1    | Gained mutation: Your mind is acute. (Int +2) [potion of beneficial mutation]
 47533 | Elf:1    | Lost mutation: Your spells are a little easier to cast, but a little less powerful. [potion of beneficial mutation]
 47686 | Elf:2    | Found Puuvo's Magic Scroll Boutique.
 49099 | Vaults:2 | Cast into the Abyss (Lugonu's touch)
 49099 | Abyss:1  | Found a corrupted altar of Lugonu.
 49118 | Abyss:2  | Found a corrupted altar of Lugonu.
 49579 | Vaults:2 | Escaped the Abyss
 49909 | Vaults:2 | Paralysed by a sphinx for 3 turns
 49935 | Vaults:2 | Lost mutation: You have an increased reservoir of magic (+10% MP). [mutagenic glow]
 49987 | Vaults:2 | Gained mutation: You frequently scream uncontrollably at your foes. [mutagenic glow]
 50044 | Vaults:2 | Gained mutation: Your vision is quite blurry. [mutagenic glow]
 50163 | Vaults:2 | Found a staircase to the Crypt.
 50163 | Vaults:2 | Found an ancient bone altar of Kikubaaqudgha.
 50164 | Vaults:2 | Found a basalt altar of Yredelemnul.
 50235 | Vaults:2 | Received a gift from Trog
 50461 | Vaults:3 | Gained mutation: Armour fits poorly on your strangely shaped body. [mutagenic meat]
 50462 | Vaults:3 | Lost mutation: Armour fits poorly on your strangely shaped body. [mutagenic meat]
 50463 | Vaults:3 | Gained mutation: You are resistant to electric shocks. [mutagenic meat]
 50488 | Vaults:3 | Reached XP level 22. HP: 195/205 MP: 15/15
 50702 | Vaults:3 | Lost mutation: Your vision is a little blurry. [potion of mutation]
 50702 | Vaults:3 | Lost mutation: Your body is slowly deteriorating. [potion of mutation]
 51495 | Vaults:3 | Found a staircase to the Crypt.
 51501 | Vaults:3 | the staircase to the Crypt was a mimic.
 51732 | Vaults:4 | Received a gift from Trog
 52575 | Vaults:4 | Gained mutation: You are weak. (Str -2) [mutagenic glow]
 52609 | Vaults:4 | Gained mutation: Your body is slowly deteriorating. [mutagenic glow]
 53511 | Depths:3 | Received a gift from Trog
 53788 | Depths:4 | Lost mutation: You are partially covered in iridescent scales (AC +4). [mutagenic glow]
 53821 | Depths:4 | Lost mutation: You sometimes yell uncontrollably at your foes. [mutagenic glow]
 53991 | Depths:4 | Got a shimmering tin ring
 53992 | Depths:4 | Identified the cursed ring "Lijameig" {EV-2 Str+3 Int-5} (You found it on level 4 of the Depths)
 54154 | Depths:4 | Cast into the Abyss (Lugonu's touch)
 54178 | Abyss:1  | Noticed an ancient lich
 54345 | Abyss:3  | Gained mutation: Your spells are a little easier to cast, but a little less powerful. [mutagenic glow]
 54525 | Abyss:3  | Found a blossoming altar of Fedhas.
 54540 | Abyss:3  | Gained mutation: Your magical capacity is low (-10% MP). [mutagenic glow]
 54609 | Abyss:3  | Found a snail-covered altar of Cheibriados.
 54673 | Abyss:3  | Gained mutation: Your body is rapidly deteriorating. [mutagenic glow]
 54685 | Depths:4 | Escaped the Abyss
 55026 | Depths:4 | Noticed namnaref's ghost (great SpAs)
 55069 | Depths:4 | Killed namnaref's ghost
 55205 | Depths:4 | Received a gift from Trog
 55221 | Depths:4 | Lost mutation: You can breathe flames. [mutagenic meat]
 55586 | Depths:4 | Reached XP level 23. HP: 210/210 MP: 4/14
 55587 | Depths:4 | Got a wavering pewter ring
 55588 | Depths:4 | Identified the ring "Assery" {+Inv Str-3 Stlth+} (You took it off a boggart on level 4 of the Depths)
 55690 | Depths:4 | Noticed Sojobo
 55718 | Depths:4 | Found a snail-covered altar of Cheibriados.
 56535 | Depths:4 | Reached skill level 5 in Stealth
 56558 | Depths:4 | Found an iron altar of Okawaru.
 56586 | Depths:4 | Killed Sojobo
 56712 | Depths:4 | Gained mutation: Your magical capacity is very low (-20% MP). [mutagenic glow]
 56728 | Depths:4 | Found a glowing golden altar of the Shining One.
 56771 | Depths:4 | Lost mutation: Your magical capacity is very low (-20% MP). [mutagenic meat]
 56774 | Depths:4 | Gained mutation: You have difficulty communicating with the divine. [mutagenic meat]
 56832 | Depths:4 | Got a shimmering lead ring
 56833 | Depths:4 | Identified the cursed ring "Poaz" {Wiz rPois} (You found it on level 4 of the Depths)
 57090 | Depths:5 | Entered Level 5 of the Depths
 57095 | Depths:5 | Noticed the Enchantress
 57567 | Vaults:5 | Entered Level 5 of the Vaults
 57837 | Vaults:5 | Noticed an ancient lich
 57878 | Vaults:5 | Killed an ancient lich
 57919 | Vaults:5 | Lost mutation: Your mind is acute. (Int +2) [mutagenic glow]
 58143 | Vaults:5 | Noticed an ancient lich
 58168 | Vaults:5 | Killed an ancient lich
 58320 | Vaults:5 | Reached XP level 24. HP: 156/223 MP: 5/16
 58818 | Vaults:5 | Got a smoking buckler
 58819 | Vaults:5 | Identified the cursed +3 buckler "Tafedil" {rN+} (You took it off an ironbrand convoker on level 5 of the Vaults)
 59370 | Vaults:5 | Was forgiven by Lugonu
 59460 | Vaults:5 | Identified a +3 rod of destruction (9/9) (You found it on level 5 of the Vaults)
 59919 | Vaults:5 | Got a silver rune of Zot
 60152 | Vaults:5 | Received a gift from Trog
 60539 | Elf:2    | Bought a scroll of identify for 36 gold pieces
 60539 | Elf:2    | Bought a scroll of teleportation for 54 gold pieces
 60539 | Elf:2    | Bought a scroll of identify for 36 gold pieces
 60539 | Elf:2    | Bought a scroll of enchant weapon for 135 gold pieces
 60539 | Elf:2    | Bought a scroll of identify for 36 gold pieces
 60539 | Elf:2    | Bought a scroll of identify for 36 gold pieces
 60546 | Elf:3    | Entered Level 3 of the Elven Halls
 60844 | Elf:3    | Noticed Aizul
 60845 | Elf:3    | Noticed Norris
 61268 | Slime:1  | Entered Level 1 of the Pits of Slime
 61912 | Slime:1  | You fall through a shaft!
 61956 | Slime:2  | Gained mutation: You are frail (-10% HP). [a shining eye]
 61958 | Slime:2  | Gained mutation: Your body is rapidly deteriorating. [a shining eye]
 61960 | Slime:2  | Gained mutation: Space occasionally distorts in your vicinity. [a shining eye]
 62546 | Hell     | Entered the Vestibule of Hell
 62546 | Hell     | Noticed Geryon
 62570 | Hell     | Killed Geryon
 62582 | Hell     | Reached skill level 5 in Long Blades
 63020 | Lair:2   | Lost mutation: You are frail (-10% HP). [potion of cure mutation]
 63020 | Lair:2   | Lost mutation: You occasionally shout uncontrollably at your foes. [potion of cure mutation]
 63020 | Lair:2   | Lost mutation: Your spells are a little easier to cast, but a little less powerful. [potion of cure mutation]
 63020 | Lair:2   | Lost mutation: You are resistant to hostile enchantments. [potion of cure mutation]
 63020 | Lair:2   | Lost mutation: Space occasionally distorts in your vicinity. [potion of cure mutation]
 63021 | Lair:2   | Lost mutation: You are resistant to electric shocks. [potion of cure mutation]
 63021 | Lair:2   | Lost mutation: Your magical capacity is low (-10% MP). [potion of cure mutation]
 63021 | Lair:2   | Lost mutation: Your body is rapidly deteriorating. [potion of cure mutation]
 63021 | Lair:2   | Lost mutation: You are weak. (Str -2) [potion of cure mutation]
 63022 | Lair:2   | Lost mutation: You have a pair of large horns on your head. [potion of cure mutation]
 63022 | Lair:2   | Lost mutation: Your body is deteriorating. [potion of cure mutation]
 63022 | Lair:2   | Lost mutation: You can translocate small distances at will. [potion of cure mutation]
 63022 | Lair:2   | Lost mutation: You are partially covered in yellow scales (AC +2). [potion of cure mutation]
 63544 | Hell     | Upgraded the game from 0.15.0-16-gce31824 to 0.15.0-18-g9076a4f
 63988 | Depths:1 | Reached XP level 25. HP: 205/233 MP: 18/18
 64358 | Hell     | Found a gateway to the ashen valley of Gehenna.
 64501 | Hell     | Found a gateway to the Iron City of Dis.
 64682 | Hell     | Found a gateway to the freezing wastes of Cocytus.
 64943 | Hell     | Found a gateway to the decaying netherworld of Tartarus.
 65977 | Crypt:1  | Entered Level 1 of the Crypt
 66914 | Crypt:2  | Reached skill level 10 in Long Blades
 67536 | Crypt:3  | Entered Level 3 of the Crypt
 67678 | Crypt:3  | Found a basalt altar of Yredelemnul.
 67678 | Crypt:3  | Noticed Margery
 67684 | Crypt:3  | Received a gift from Trog
 67703 | Crypt:3  | Killed Margery
 69143 | Crypt:3  | Reached XP level 26. HP: 246/246 MP: 18/18
 69230 | Crypt:3  | Got a pair of ichor-stained gloves
 69241 | Crypt:3  | Identified the +0 pair of gloves of the Earth {rPois} (You found it on level 3 of the Crypt)
 69316 | Crypt:3  | Noticed an ancient lich
 69321 | Crypt:3  | Found a staircase to the Tomb.
 69333 | Crypt:3  | Killed an ancient lich
 69376 | Crypt:3  | Got a sparkling brass ring
 69377 | Crypt:3  | Identified the ring of Dozyw {rC+ AC+3 Stlth-} (You found it on level 3 of the Crypt)
 69555 | Tomb:1   | Entered Level 1 of the Tomb of the Ancients
 69923 | Tomb:1   | Paralysed by a lich for 5 turns
 69940 | Tomb:1   | HP: 12/248 [greater mummy (19)]
 71424 | Slime:3  | Gained mutation: You have large cloven feet. [a shining eye]
 71427 | Slime:3  | Gained mutation: You are frail (-10% HP). [a shining eye]
 72057 | Slime:6  | Entered Level 6 of the Pits of Slime
 72182 | Slime:6  | Noticed the royal jelly
 72182 | Slime:6  | Gained mutation: You are weak. (Str -2) [a shining eye]
 72187 | Slime:6  | Found a viscous altar of Jiyva.
 72213 | Slime:6  | Fell from the grace of Trog
 72213 | Slime:6  | Became a worshipper of Jiyva Juobet the Shapeless
 72623 | Lair:2   | Acquired Jiyva's first power
 72625 | Lair:2   | Acquired Jiyva's second power
 73677 | Depths:4 | Gained mutation: You are covered in fur (AC +1). [Jiyva's grace]
 73679 | Depths:4 | Acquired Jiyva's third power
 73681 | Depths:4 | Lost mutation: You have large cloven feet. [Jiyva's grace]
 73687 | Depths:4 | Acquired Jiyva's fourth power
 73690 | Depths:4 | Lost mutation: You have difficulty communicating with the divine. [Jiyva's grace]
 73696 | Depths:4 | Lost mutation: You are weak. (Str -2) [Jiyva's grace]
 73697 | Depths:4 | Lost mutation: Your body is slowly deteriorating. [Jiyva's power]
 73707 | Depths:4 | Gained mutation: Your muscles are strong. (Str +2) [Jiyva's grace]
 73713 | Depths:4 | Lost mutation: Your muscles are strong. (Str +2) [Jiyva's grace]
 73992 | D:11     | Gained mutation: Your rubbery body absorbs attacks (AC +1). [Jiyva's grace]
 74069 | Orc:2    | Gained mutation: Your magical capacity is low (-10% MP). [Jiyva's grace]
 74112 | Orc:2    | Gained mutation: You have acidic saliva. [Jiyva's grace]
 74311 | Elf:3    | Gained mutation: You have a somewhat thin skeletal structure (Dex +2, Stealth). [Jiyva's grace]
 74576 | Elf:3    | Lost mutation: You are partially covered in thin metallic scales (AC +2). [Jiyva's grace]
 74592 | Elf:3    | Noticed Aizul
 74592 | Elf:3    | Aizul changed into Aizul the acid blob
 74613 | Elf:3    | Killed Aizul the acid blob
 74619 | Elf:3    | Got a wavering lead ring
 74677 | Elf:3    | Gained mutation: You have large cloven feet. [Jiyva's grace]
 74719 | Elf:3    | Got a brightly glowing bone amulet
 74751 | Elf:3    | Killed Norris
 74767 | Elf:3    | Got a twisted flail {freeze}
 74817 | Elf:3    | Gained mutation: You can breathe flames. [Jiyva's grace]
 74850 | Elf:3    | Lost mutation: You are covered in fur (AC +1). [Jiyva's grace]
 74860 | Elf:3    | Got a vibrating crystal amulet
 74874 | Elf:3    | Got a slimy chain mail
 74875 | Elf:3    | Gained mutation: Your magical capacity is very low (-20% MP). [Jiyva's grace]
 74879 | Elf:3    | Got a twisted spear
 74883 | Elf:3    | Got a flickering silver ring
 74884 | Elf:3    | Lost mutation: You are frail (-10% HP). [Jiyva's grace]
 74886 | Elf:3    | Identified the cursed -4 chain mail "Mnoh Asu" {rC++} (You found it on level 3 of the Elven Halls)
 74891 | Elf:3    | Identified the ring "Qighi" {+Blink rC++ Str+4 Slay+4} (You found it on level 3 of the Elven Halls)
 74892 | Elf:3    | Identified the ring "Nyibov" {rC+ Dex+3} (You found it on level 3 of the Elven Halls)
 74897 | Elf:3    | Identified the amulet of Demons {Faith rC- MR++ Slay+5 Stlth+} (You took it off a deep elf annihilator on level 3 of the Elven Halls)
 74897 | Elf:3    | Lost mutation: Your rubbery body absorbs attacks (AC +1). [Jiyva's grace]
 74898 | Elf:3    | Identified the amulet "Egoolyiwosh" {Faith Slay-3} (You found it on level 3 of the Elven Halls)
 74921 | Elf:3    | Got a scintillating brass ring
 74922 | Elf:3    | Identified the ring "Fekhlat" {Fire Str+2} (You took it off a deep elf sorcerer on level 3 of the Elven Halls)
 75194 | Elf:3    | Gained mutation: Your vision is a little blurry. [Jiyva's grace]
 75615 | D:15     | Lost mutation: You have large cloven feet. [Jiyva's grace]
 75752 | Depths:5 | Paralysed by a vampire knight for 7 turns
 75849 | Depths:4 | Killed the Enchantress
 75860 | Depths:4 | HP: 9/249 [spriggan defender/runed quick blade[the Enchantress] (22)]
 75862 | Depths:4 | Slain by a spriggan defender

Action                   |  1- 3 |  4- 6 |  7- 9 | 10-12 | 13-15 | 16-18 | 19-21 | 22-24 | 25-27 || total
-------------------------+-------+-------+-------+-------+-------+-------+-------+-------+-------++-------
Melee: Mace              |   106 |   126 |   412 |   112 |       |       |       |       |       ||   756
       Flail             |     1 |       |       |       |       |       |       |       |       ||     1
       Short sword       |       |       |       |   608 |  2388 |  2406 |  1881 |   896 |   598 ||  8777
       Blessed falchion  |       |       |       |       |       |       |    81 |   123 |  1460 ||  1664
       Quick blade       |       |       |       |       |       |       |       |  2237 |     6 ||  2243
       Demon blade       |       |       |       |       |       |       |       |    67 |       ||    67
       Bastard sword     |       |       |       |       |       |       |       |       |    53 ||    53
Throw: Javelin           |       |       |       |       |       |     1 |       |       |       ||     1
Invok: Berserk           |     1 |     1 |     3 |     4 |     2 |    11 |    19 |    22 |     6 ||    69
       Trog's Hand       |       |     1 |       |     1 |     1 |     3 |     1 |    15 |    11 ||    33
       Brothers in Arms  |       |       |     1 |    12 |    21 |    22 |    11 |    15 |     5 ||    87
       Burn Spellbooks   |       |       |       |     1 |       |       |     1 |       |       ||     2
       Depart the Abyss  |       |       |       |       |       |       |     1 |       |       ||     1
       Request Jelly     |       |       |       |       |       |       |       |       |    14 ||    14
       Slimify           |       |       |       |       |       |       |       |       |     9 ||     9
       Cure Bad Mutation |       |       |       |       |       |       |       |       |     2 ||     2
       Jelly Paralyse    |       |       |       |       |       |       |       |       |     1 ||     1
 Abil: Breathe Fire      |       |       |       |       |       |       |     7 |     1 |       ||     8
       Evoke Invisibilit |       |       |       |       |       |       |     1 |     1 |       ||     2
       Blink             |       |       |       |       |       |       |       |     8 |       ||     8
Evoke: Wand              |       |       |       |     6 |     6 |       |     2 |     3 |    10 ||    27
       Fan of gales      |       |       |       |       |       |       |     1 |     1 |       ||     2
       Horn of Geryon    |       |       |       |       |       |       |       |       |     1 ||     1
  Use: Scroll            |     6 |       |    10 |    20 |    10 |    10 |    29 |    28 |    26 ||   139
       Potion            |       |       |       |     7 |     2 |     1 |    26 |    33 |    22 ||    91
 Stab: Distracted        |       |       |       |     1 |     2 |     3 |     3 |     6 |       ||    15
       Fleeing           |       |       |       |       |     2 |       |       |       |       ||     2
       Invisible         |       |       |       |       |       |       |     2 |    14 |       ||    16
  Eat: Chunk             |     2 |     4 |    15 |    23 |    59 |    63 |    48 |    39 |     8 ||   261
       Meat ration       |     1 |       |     1 |     1 |       |     1 |     2 |     6 |     1 ||    13
       Pizza             |       |       |     1 |       |       |     1 |       |     2 |     1 ||     5
       Bread ration      |       |       |       |     1 |       |       |       |     3 |     5 ||     9
       Royal jelly       |       |       |       |       |     1 |     2 |     5 |     1 |       ||     9
       Beef jerky        |       |       |       |       |       |       |       |     2 |       ||     2
